 Dungeon Crawl Stone Soup version 0.28.0-47-ge53b351184 (webtiles) character file.

Game seed: 16464682489785940029

2 GigaChad the Magician (level 1, 0/15 HPs)
             Began as a Djinni Fire Elementalist on Apr 26, 2022.
             Slain by a kobold
             ... wielding a +0 dagger
              (2 damage)
             ... on level 1 of the Dungeon.
             The game lasted 00:01:18 (294 turns).

GigaChad the Magician (Djinni Fire Elementalist)     Turns: 294, Time: 00:01:19

Health: 0/15       AC:  0    Str:  7    XL:     1   Next: 44%
Gold:   12         EV: 12    Int: 22    God:
                   SH:  0    Dex: 13

rFire   + + .      SeeInvis .   e - +0 short sword
rCold   x . .      Faith    .   (no shield)
rNeg    . . .      Spirit   .   (no armour)
rPois   ∞          Reflect  .   (no helmet)
rElec   .          Harm     .   (no cloak)
rCorr   .          Rampage  .   (no gloves)
Will    .....                   (boots unavailable)
Stlth   ++........              (no amulet)
HPRegen 0.05/turn               d - +6 ring of intelligence
MPRegen 0.00/turn               (no ring)

@: flying
A: sickness immunity, fire resistance 2, cold vulnerability 1, float, innate
caster, HP casting, extra vitality 1
a: no special abilities


You were on level 1 of the Dungeon.
You visited 1 branch of the dungeon, and saw 1 of its levels.

You collected 12 gold pieces.

Inventory:

Hand Weapons
 e - a +0 short sword (weapon)
Armour
 a - a +0 robe
 b - a +0 plate armour
Jewellery
 d - a +6 ring of intelligence (left hand)
Scrolls
 c - a scroll of fog {unknown}
Potions
 f - 2 potions of curing {unknown}


   Skills:
 + Level 2.2 Dodging
 + Level 1.7 Stealth
 + Level 2.4 Spellcasting


You couldn't memorise any spells.
You knew the following spells:

 Your Spells              Type           Power      Damage    Failure   Level
a - Foxfire               Conj/Fire      52%        2x1d6     4%          1
b - Scorch                Fire           26%        2d6       8%          2
c - Conjure Flame         Conj/Fire      13%        6-21      14%         3
d - Inner Flame           Hex/Fire       13%        N/A       14%         3
e - Flame Wave            Conj/Fire      13%        2d6       43%         4
Your spell library was empty.

Dungeon Overview and Level Annotations

Branches:
Dungeon (1/15)

Altars:


Innate Abilities, Weirdness & Mutations

You are immune to sickness and miasma.
You are immune to poison.
Your flesh is very heat resistant. (rF++)
You are vulnerable to cold. (rC-)
You float through the air rather than walking.
You learn spells naturally, not from books.
Your magical power is your life essence.
You have superior vitality. (+4 MHP)


Message History

The foxfire hits the frilled lizard.
You kill the frilled lizard!
There is an open door here.
You see here 24 bolts.
Found 2 brown potions.
A frilled lizard comes into view.
The frilled lizard hisses angrily.
You conjure some foxfire!
The frilled lizard bites you.
The foxfire hits the frilled lizard.
You kill the frilled lizard!
Your foxfire dissipates!
f - 2 brown potions
Found a stone staircase leading down. 2 jackals and a kobold come into view.
Found 9 gold pieces.
The kobold shouts!
The jackal barks!
The jackal barely misses you.
You hear a bark!
You hear a shout!
The jackal barks!
You hit the kobold.
The kobold is moderately wounded.
The kobold misses you. The jackal bites you.
You barely miss the kobold.
The kobold is moderately wounded.
The jackal barely misses you. The kobold closely misses you.
The jackal barely misses you. The jackal bites you.
The kobold hits you with a +0 dagger.
You closely miss the kobold.
The kobold is moderately wounded.
The jackal bites you. The jackal closely misses you.
The kobold closely misses you.
You hit the kobold but do no damage.
The kobold is moderately wounded.
The jackal closely misses you. The jackal bites you.
* * * LOW HITPOINT WARNING * * *
The jackal bites you.
* * * LOW HITPOINT WARNING * * *
The kobold hits you with a +0 dagger.
You die...

#.# #.# #.# # ... #. #.#
#.. #.# ###########
#.##..###.###.........##
....>.K@h...............
#.###.h.#.###.........#
#.....#.# #.........#
#......$# #.........#
######### #.........##
.............#
###..........#
##########.# #.......


You could see 2 jackals and a kobold.

Vanquished Creatures
  2 frilled lizards (D:1)
  A kobold (D:1)
  A rat (D:1)
4 creatures vanquished.

Vanquished Creatures (others)
  7 foxfires (D:1)
7 creatures vanquished.

Grand Total: 11 creatures vanquished

Notes
Turn   | Place    | Note
-------+----------+-------------------------------------------
     0 | D:1      | GigaChad the Djinni Fire Elementalist began the quest for
                  | the Orb.
     0 | D:1      | Reached XP level 1. HP: 15/15 MP: 0/0
   294 | D:1      | Slain by a kobold

Illustrated notes

Levels and vault maps discovered:
D:1:      grunt_arrival_crossed_arrows, layout_basic,
          hellmonk_ecumenical_altar_blasted

Action                   || total
-------------------------++-------
Melee: Short sword       ||     4
 Cast: Foxfire           ||     4
Armor: Plate armour      ||     8
Dodge: Dodged            ||     8
